 Dungeon Crawl Stone Soup version 0.29.1-13-g9f3cf754e1 (webtiles) character file.

Game seed: 10108766326252836867

329 booth the Stinger (level 6, -2/63 HPs)
             Began as a Demonspawn Venom Mage on Feb 7, 2023.
             Was a Believer of Dithmenos.
             Slain by a hornet zombie (8 damage)
             ... in an ossuary.
             The game lasted 00:34:21 (5046 turns).

booth the Stinger (Demonspawn Venom Mage)           Turns: 5046, Time: 00:34:22

Health: -2/63      AC: 23    Str: 10    XL:     6   Next: 25%
Magic:  9/10       EV:  2    Int: 16    God:    Dithmenos [**....]
Gold:   265        SH:  0    Dex: 14    Spells: 5/11 levels left

rFire   . . .      SeeInvis .   j - +2 dagger (speed)
rCold   . . .      Faith    .   (no shield)
rNeg    . . .      Spirit   .   (body armour currently unavailable)
rPois   +          Reflect  .   (helmet currently unavailable)
rElec   .          Harm     .   (cloak currently unavailable)
rCorr   .          Rampage  .   (gloves currently unavailable)
Will    .....      NoTele   +   (boots currently unavailable)
Stlth   +++.......              (no amulet)
HPRegen 0.20/turn               (no ring)
MPRegen 0.12/turn               (no ring)

@: mighty, brilliant, agile, tree-form, wreathed by umbra
A: stationary, stasis, torment immunity, boosted hp, ignite blood 1, powered by
pain 1, (sturdy frame 1)
a: Renounce Religion, Shadow Step


You were in an ossuary.
You worshipped Dithmenos.
Dithmenos was pleased with you.
You were a tree.
You visited 1 branch of the dungeon, and saw 4 of its levels.
You also visited: Ossuary.

You collected 265 gold pieces.

Inventory:

Hand Weapons
 h - a +0 hand axe
 j - a +2 dagger of speed (weapon)
Missiles
 n - 8 poisoned darts
Armour
 a - a +0 robe (melded)
Wands
 s - a wand of roots (3)
Scrolls
 c - 3 scrolls of vulnerability
 d - a scroll of immolation
 i - a scroll of summoning {unknown}
 k - a scroll of poison {unknown}
 o - a scroll of magic mapping
 q - a scroll of noise {unknown}
 r - a scroll of teleportation {unknown}
Potions
 e - a potion of magic
 f - 2 potions of curing
 g - a potion of haste
 t - a potion of flight {unknown}


   Skills:
 + Level 0.3 Fighting
 + Level 1.7 Short Blades
 + Level 1.8 Dodging
 * Level 2.9 Stealth
 - Level 0.1 Unarmed Combat
 + Level 3.1 Spellcasting
 * Level 1.3 Conjurations
 + Level 1.3 Transmutations
 * Level 2.7 Air Magic
 + Level 3.8 Poison Magic


You had 5 spell levels left.
You knew the following spells:

 Your Spells              Type           Power      Damage    Failure   Level
a - Sting                 Tmut/Pois      64%        1d6       6%          1
b - Poisonous Vapours     Pois/Air       38%        N/A       8%          2
c - Mephitic Cloud        Conj/Pois/Air  16%        N/A       19%         3

Your spell library contained the following spells:

 Spells                   Type           Power      Damage    Failure   Level
 Olgreb's Toxic Radiance  Pois           22%        N/A       36%         4


Dungeon Overview and Level Annotations

Branches:
Dungeon (4/15)            Ossuary (1/1)
 Temple: D:4-7

Altars:
Dithmenos
Hepliaklqana
Kikubaaqudgha
Qazlal
Ru
Uskayaw
Wu Jian

Shops:
D:1 [


Innate Abilities, Weirdness & Mutations

You are a tree.
Your roots penetrate the ground, keeping you stationary.
You cannot be teleported.
You are immune to unholy pain and torment.
Your maximum health is greatly increased.
Your equipment is partially melded.
Your demonic aura sometimes causes spilled blood to erupt in flames.
You sometimes gain a little power by taking damage.
((Your movements are slightly less encumbered by armour. (ER -2)))


Message History

The hornet zombie hits you.
* * * LOW HITPOINT WARNING * * *
It was a potion of lignification.
You turn into a tree.
Your +0 robe melds into your body.
Your roots penetrate the ground.
The hornet zombie hits you but does no damage.
You barely miss the hornet zombie.
The hornet zombie is heavily damaged.
The hornet zombie hits you!
* * * LOW HITPOINT WARNING * * *
You focus on the pain.
You feel agile all of a sudden.
You hit the hornet zombie.
The hornet zombie is heavily damaged.
The hornet zombie hits you but does no damage.
It was a potion of brilliance.
You feel clever all of a sudden.
A wyvern zombie comes into view.
The hornet zombie hits you but does no damage.
It was a potion of might.
You feel very mighty all of a sudden.
The hornet zombie hits you but does no damage.
Casting: Sting (safe; 6% risk of failure)
Confirm with . or Enter, or press ? or * to list all spells.
Aiming: Sting (safe; 6% risk of failure)
Press: ? - help, Shift-Dir - straight line, f/p - hornet zombie
Aim: a hornet zombie (heavily damaged, umbra, 77% to hit)
You feel a surge of power!
The sting hits the hornet zombie.
The hornet zombie partially resists.
The hornet zombie is heavily damaged.
The hornet zombie hits you but does no damage.
Casting: Sting (safe; 6% risk of failure)
Confirm with . or Enter, or press ? or * to list all spells.
Aiming: Sting (safe; 6% risk of failure)
Press: ? - help, Shift-Dir - straight line, f/p - hornet zombie
Aim: a hornet zombie (heavily damaged, umbra, 77% to hit)
You feel a surge of power!
The sting hits the hornet zombie but does no damage.
The hornet zombie is heavily damaged.
The hornet zombie hits you!
You die...

~~# .~#
#.' +.#
#.###
+.'.
###.#####
#♣ZZ#..∩#
###Z'.∩.#
#.'.#...#
###.#####
+.. #+#+


You could see a bullfrog zombie, a wyvern zombie and a hornet zombie.

Vanquished Creatures
  An ogre (D:4)
  A hound (D:4)
  A bullfrog zombie (Ossuary)
  Terence (D:3)
  Jessica (D:3)
  2 mummies
  A howler monkey zombie (Ossuary)
  An adder (D:2)
  2 worms (D:3)
  3 dart slugs
  3 bats
  7 endoplasms
  2 giant cockroaches (D:3)
  8 hobgoblins
  3 jackals
  6 kobolds
  6 quokkas
  8 ball pythons
  5 frilled lizards
  8 goblins
  6 rats
76 creatures vanquished.

Vanquished Creatures (others)
  6 withered plants (Ossuary)
6 creatures vanquished.

Grand Total: 82 creatures vanquished

Notes
Turn   | Place    | Note
-------+----------+-------------------------------------------
     0 | D:1      | booth the Demonspawn Venom Mage began the quest for the
                  | Orb.
     0 | D:1      | Reached XP level 1. HP: 13/13 MP: 3/3
   285 | D:1      | Found a faded altar of an unknown god.
   393 | D:1      | Prayed at the altar of an unknown god.
   393 | D:1      | Became a worshipper of Dithmenos the Shadowed
   393 | D:1      | Reached * piety under Dithmenos
   410 | D:1      | Reached skill level 1 in Transmutations
   410 | D:1      | Gained mutation: Your demonic aura sometimes causes spilled
                  | blood to erupt in flames. [demonic ancestry]
   410 | D:1      | Reached XP level 2. HP: 19/19 MP: 3/5
   437 | D:1      | Learned a level 2 spell: Poisonous Vapours
   821 | D:1      | Found Edghaqef's Armour Boutique.
  1346 | D:1      | Reached XP level 3. HP: 14/24 MP: 1/6
  2066 | D:2      | Learned a level 3 spell: Mephitic Cloud
  2085 | D:2      | Reached ** piety under Dithmenos
  2924 | D:3      | Found a hazy altar of Hepliaklqana.
  3128 | D:3      | Gained mutation: You sometimes gain a little power by
                  | taking damage. [demonic ancestry]
  3128 | D:3      | Reached XP level 4. HP: 30/30 MP: 5/8
  3154 | D:3      | Noticed Terence
  3178 | D:3      | Killed Terence
  3279 | D:3      | Noticed Jessica
  3415 | D:3      | Killed Jessica
  3416 | D:3      | Reached skill level 1 in Air Magic
  3709 | D:3      | Reached XP level 5. HP: 30/35 MP: 6/9
  3794 | D:3      | Found a shadowy altar of Dithmenos.
  4279 | D:4      | Found a sacrificial altar of Ru.
  4287 | D:4      | Found a hide-covered altar of Uskayaw.
  4287 | D:4      | Found an ornate altar of the Wu Jian Council.
  4288 | D:4      | Found an ancient bone altar of Kikubaaqudgha.
  4289 | D:4      | Found a stormy altar of Qazlal.
  4360 | D:4      | Noticed a water moccasin
  4370 | D:4      | Noticed an ogre
  4380 | D:4      | Killed an ogre
  4381 | D:4      | Reached skill level 1 in Short Blades
  4381 | D:4      | Reached skill level 1 in Conjurations
  4562 | D:4      | Found a sand-covered staircase.
  4574 | D:4      | Gained mutation: Your movements are slightly less
                  | encumbered by armour. (ER -2) [demonic ancestry]
  4574 | D:4      | Reached XP level 6. HP: 15/42 MP: 10/10
  4763 | Ossuary  | Entered an ossuary
  5046 | Ossuary  | Slain by a hornet zombie

Illustrated notes

Levels and vault maps discovered:
D:1:      lightli_arrival_lavapool, layout_basic,
          hellmonk_ecumenical_altar_dog_temple, serial_shops, shop
D:2:      layout_basic
D:3:      layout_rooms, mainiacjoe_overflow_paths, mainiacjoe_overflow_24_doors,
          uniq_terence, uniq_jessica
D:4:      layout_loops_ring, grunt_temple_overflow_open,
          gup_ossuary_entry_pyramid, lightli_minifort
Ossuary:  ossuary_zaba_flooded

Skill      XL: |  1  2  3  4  5 |
---------------+----------------+-----
Transmutations | 1 |  1.3
Stealth        | 2 |  2.9
Air Magic      | 1 2 |  2.7
Short Blades   | 1 |  1.7
Spellcasting   | 3 |  3.1
Conjurations   | 1 |  1.3
Fighting       | |  0.3
Dodging        | |  1.8
Unarmed Combat | |  0.1
Poison Magic   | |  3.8

Action                   |  1- 3 |  4- 6 || total
-------------------------+-------+-------++-------
Melee: Unarmed           |    36 |       ||    36
       Dagger            |    69 |   119 ||   188
 Cast: Sting             |    40 |    15 ||    55
       Poisonous Vapours |    16 |    21 ||    37
  Use: Potion            |     4 |     4 ||     8
       Scroll            |     3 |       ||     3
 Stab: Sleeping          |     3 |     1 ||     4
Armor: Robe              |    14 |     5 ||    19
       Skin              |       |     5 ||     5
Dodge: Dodged            |    68 |    51 ||   119
